Map: Oxide LE

Players

Scarlett

  • Race: Zerg Zerg

Neeb - Winner!

  • Race: Protoss Protoss

Event: DreamHack SC2 Masters 2021 Fall

VOD

Have the link to the VOD?

Description

Time

  • Played on: Aug. 15, 2021, 4:53 p.m.
  • Length: 4:38

All games in this series

Show
View Real Time Build Order
Export as new Build Order

Scarlett Zerg 

Build Orders: Hatch First 

Get SALT Encoding   

  12  0:00  Drone  
  13  0:12  Overlord  
  13  0:17  Drone  
  14  0:31  Drone x2  
  16  0:43  Drone  
  17  0:51  Hatchery  
  17  0:54  Drone  
  17  0:57  Drone  
  18  1:09  Extractor  
  17  1:12  Spawning Pool  
  17  1:15  Drone  
  17  1:19  Drone  
  18  1:28  Drone  
  19  1:39  Drone  
  20  1:49  Overlord  
  20  1:59  Queen  
  22  2:03  Queen  
  22  2:04  Zergling x2, Drone  
  26  2:12  Metabolic Boost  
  26  2:15  Drone x2  
  28  2:22  Zergling x2  
  29  2:27  Drone  
  30  2:34  Drone  
  31  2:44  Hatchery  
  31  2:48  Baneling Nest  
  31  2:50  Overlord  
  29  2:56  Zergling x4  
  31  3:01  Zergling x4  
  33  3:07  Zergling x4  
  33  3:10  Zergling x2  
  36  3:14  Zergling x2  
  36  3:15  Zergling x2  
  38  3:22  Zergling x6  
  38  3:25  Zergling x2  
  41  3:34  Baneling  
  41  3:35  Baneling x3  
  41  3:36  Baneling  
  41  3:37  Baneling  
  41  3:40  Zergling x2  
  41  3:41  Zergling x2  
  43  3:43  Baneling  
  43  3:47  Zergling x2  
  43  4:00  Zergling x10  
  46  4:07  Zergling x6  
  43  4:10  Zergling x2  
  38  4:17  Zergling x6  
Show
View Real Time Build Order
Export as new Build Order

Neeb Protoss - Winner!

Build Orders: 1 Gate Expand, Oracle Opening 

Get SALT Encoding   

  12  0:00  Probe  
  13  0:12  Probe  
  14  0:19  Pylon  
  14  0:24  Probe  
  15  0:37  Probe (Chrono Boost)  
  15  0:39  Gateway  
  16  0:46  Probe (Chrono Boost)  
  16  0:48  Assimilator  
  17  0:51  Probe (Chrono Boost)  
  18  1:03  Probe  
  19  1:15  Probe  
  20  1:25  Nexus  
  20  1:34  Cybernetics Core  
  20  1:38  Probe  
  21  1:43  Assimilator  
  21  1:50  Probe  
  21  1:52  Pylon  
  22  2:02  Probe (Chrono Boost)  
  23  2:11  Adept, Warp Gate  
  23  2:13  Probe (Chrono Boost)  
  26  2:17  Probe (Chrono Boost)  
  27  2:29  Probe (Chrono Boost)  
  28  2:32  Stargate  
  30  2:37  Probe (Chrono Boost)  
  30  2:39  Probe (Chrono Boost)  
  30  2:41  Adept  
  33  2:46  Probe (Chrono Boost)  
  33  2:47  Probe (Chrono Boost)  
  33  2:51  Probe (Chrono Boost)  
  34  2:55  Probe  
  36  2:58  Gateway  
  36  3:04  Probe  
  37  3:07  Probe  
  37  3:08  Pylon  
  37  3:09  Void Ray (Chrono Boost)  
  37  3:10  Adept  
  40  3:16  Probe  
  45  3:20  Probe  
  46  3:28  Pylon  
  46  3:32  Gateway  
  46  3:35  Probe x2  
  46  3:42  Oracle (Chrono Boost)  
  46  3:47  Probe x2  
  51  3:53  Pylon  
  51  3:59  Sentry, Probe x2  
  51  4:02  Shield Battery  
  53  4:03  Adept  
  55  4:11  Pylon, Probe  
  54  4:19  Probe  
  54  4:20  Gateway  
  54  4:21  Cybernetics Core  

Tags
 
Add a new tag
Caveats
  • Supply blocks, unpowered buildings, or Contaminate may cause inaccurate times.
  • Supply counts are checked every 10 seconds.